 Dungeon Crawl Stone Soup version 0.30.1-11-g7821555f0a (webtiles) character file.

Game seed: 9464324306187181690

6584 lonewolfV2 the Nimble (level 10, -7/70 HPs)
             Began as a Demonspawn Fighter on Oct 30, 2023.
             Was a Follower of Qazlal.
             Mangled by a shadow (20 damage)
             ... on level 9 of the Dungeon.
             The game lasted 00:17:03 (7938 turns).

lonewolfV2 the Nimble (Demonspawn Fighter)          Turns: 7938, Time: 00:17:04

Health: -7/70      AC: 24    Str: 17    XL:     10   Next: 71%
Magic:  15/15      EV:  6    Int:  9    God:    Qazlal [*.....]
Gold:   299        SH: 21    Dex: 15    Spells: 9/9 levels left

rFire   . . .        s - +7 Throatcutter {drain, coup de grace}
rCold   . . .        o - +0 tower shield
rNeg    . . .        v - +0 plate armour
rPois   .            (no helmet)
rElec   .            m - scarf {repulsion}
rCorr   .            (no gloves)
SInv    .            (no boots)
Will    .....        c - amulet of the acrobat Stlth
                     l - +4 ring of protection
HPRegen 0.31/turn    B - ring of flight
MPRegen 0.14/turn

%: repel missiles, acrobat
@: lethally poisoned (-7 -> -15), flying
A: claws 1, yellow scales 2, foul stench 2, icemail 1, condensation shield,
deterioration 1, weak 1
a: Renounce Religion


You were on level 9 of the Dungeon.
You worshipped Qazlal.
Qazlal was aware of your devotion.
You visited 2 branches of the dungeon, and saw 10 of its levels.

You collected 565 gold pieces.
You spent 266 gold pieces at shops.

Inventory:

Hand Weapons
 g - the +4 hand axe "Teuheamm" {elec, rF++}
   (You found it on level 3 of the Dungeon)

   rF:        It greatly protects you from fire.
 s - the +7 Throatcutter (weapon) {drain, coup de grace}
   (You found it on level 4 of the Dungeon)
Armour
 b - a +0 scale mail
 m - a scarf of repulsion (worn)
 o - a +0 tower shield (worn)
 v - a +0 plate armour (worn)
Jewellery
 c - an amulet of the acrobat (around neck)
 l - a +4 ring of protection (left claw)
 B - a ring of flight (right claw)
 C - a ring of ice
Wands
 a - a wand of paralysis (10)
 n - a wand of flame (20)
Scrolls
 i - 2 scrolls of amnesia
 j - 2 scrolls of fog
 p - 2 scrolls of teleportation
 t - 2 scrolls of silence
 u - a scroll of identify
 y - a scroll of enchant weapon
Potions
 d - 2 potions of might
 e - 5 potions of brilliance
 f - 3 potions of curing
 h - 3 potions of degeneration
 k - 2 potions of invisibility
 q - 3 potions of cancellation
 r - a potion of lignification
 w - a potion of ambrosia
 z - a potion of berserk rage
 A - 2 potions of attraction


   Skills:
 - Level 3.0 Fighting
 - Level 1.7 Axes
 - Level 7.4 Armour
 + Level 9.6 Dodging
 * Level 8.1 Shields
 + Level 7.4 Invocations


You had 9 spell levels left.
You didn't know any spells.
Your spell library contained the following spells:

 Spells                   Type           Power      Damage    Failure   Level
 Shock                    Conj/Air       0%         1d3       100%        1
 Scorch                   Fire           0%         2d5       100%        2
 Sublimation of Blood     Necr           0%         N/A       100%        2
 Wereblood                Tmut           0%         N/A       100%        2
 Frozen Ramparts          Ice            0%         1d1       100%        3
 Swiftness                Air            0%         N/A       100%        3
 Airstrike                Air            0%         2d(0-16)  100%        4
 Animate Armour           Summ/Erth      0%         N/A       100%        4
 Flame Wave               Conj/Fire      0%         2d4       100%        4
 Ice Form                 Ice/Tmut       0%         N/A       100%        4
 Leda's Liquefaction      Hex/Erth       0%         N/A       100%        4
 Petrify                  Tmut/Erth      0%         N/A       100%        4
 Summon Ice Beast         Ice/Summ       0%         N/A       100%        4
 Blade Hands              Tmut           0%         N/A       100%        5
 Irradiate                Conj/Tmut      0%         3d11      100%        5
 Lee's Rapid Deconstruct  Erth           0%         3d4*      100%        5
 Iron Shot                Conj/Erth      0%         9d1       100%        6
 Statue Form              Tmut/Erth      0%         N/A       100%        6
 Summon Cactus Giant      Summ           0%         N/A       100%        6
 Summon Hydra             Summ           0%         N/A       100%        7


Dungeon Overview and Level Annotations

Branches:
Dungeon (9/15)             Temple (1/1) D:6
   Lair: D:8-11         Orc: D:9-12

Altars:
Cheibriados
Dithmenos
Fedhas
Gozag
Kikubaaqudgha
Makhleb
Nemelex Xobeh
Okawaru
Qazlal
Ru
Sif Muna
Trog
Vehumet
Xom
Yredelemnul

Shops:
D:4 ?   D:5 *   D:6 =   D:8 [


Innate Abilities, Weirdness & Mutations

You have sharp fingernails.
You are mostly covered in yellow scales. (AC +3)
You sometimes emit foul miasma when damaged in melee.
A meltable icy envelope protects you from harm. (AC +4)
A meltable shield of frost defends you. (SH +4)
Your body sometimes deteriorates upon taking damage.
You are weak. (Str -2)


Message History

You block the killer bee's attack. The killer bee stings you.
The killer bee barely misses you. You block the killer bee's attack. x4
The killer bee stings you but does no damage. x2
The killer bee misses you.
Things that are here:
a wand of quicksilver (4); a killer bee corpse You miss the killer bee.
You block the killer bee's attack. x2
The killer bee stings you but does no damage.
You block the killer bee's attack. The killer bee barely misses you.
You block the killer bee's attack. The killer bee barely misses you.
The killer bee completely misses you. You block the killer bee's attack.
The killer bee stings you but does no damage. x2
The killer bee completely misses you.
You miss the killer bee. You block the killer bee's attack. x3
The killer bee stings you but does no damage.
The killer bee stings you.
You are poisoned.
The killer bee poisons you! The killer bee stings you.
You block the killer bee's attack. x2
The shadow strikes at you from the darkness!
* * * LOW HITPOINT WARNING * * *
Reactivating autopickup.
The killer bee completely misses you. The killer bee barely misses you. x2
The killer bee stings you but does no damage.
The shadow slips into darkness.
The shadow flickers and vanishes!
Deactivating autopickup; reactivate with Ctrl-A.
You miss the killer bee.
You feel very sick. You block the killer bee's attack.
The killer bee stings you but does no damage.
You block the killer bee's attack. The killer bee barely misses you.
You block the killer bee's attack. x2; The killer bee stings you.
* * * LOW HITPOINT WARNING * * *
You are more poisoned.
The killer bee poisons you!
The killer bee stings you but does no damage. x3
The shadow strikes at you from the darkness!
You die...

..#.)...... ..#........
.......... # ##
#..!....###.. ..
#............
#.####........$...
#...##............
##.....#y........ ###
#.##.##y@y.......
##.###....###y........
####.........# ##....:...
.............## #........
.........................
................#........
..............#..##......
.............##..........
...#.........##.....##


You could see 4 killer bees.

Vanquished Creatures
  A boulder beetle (D:8)
  A deep elf pyromancer (D:8)
  2 cyclopes (D:8)
  A troll (D:7)
  A troll (shapeshifter) (D:8)
  Grinder (D:4)
  A slime creature (D:8)
  A wraith (D:8)
  Eustachio (D:4)
  A steam dragon (D:7)
  A vampire mosquito (D:8)
  Edmund (D:4)
  An acid dragon (D:8)
  A water moccasin (D:7)
  Duvessa (D:7)
  An orc warrior (D:7)
  An ice beast (D:7)
  2 sky beasts
  3 black bears
  3 ogres
  A phantom (D:4)
  Blork the orc (D:4)
  3 bullfrogs
  A kobold brigand (D:7)
  2 scorpions
  7 wights
  Dowan (D:7)
  5 killer bees
  A howler monkey (D:8)
  6 hounds
  A jelly (D:4)
  4 orc priests
  A sleepcap (D:4)
  6 iguanas
  4 orc wizards
  Natasha (thrice) (D:3)
  Robin (D:2)
  5 adders
  3 gnolls (D:6)
  2 shadow imps
  3 ufetubi
  A worm (D:3)
  4 dart slugs
  52 orcs
  8 ball pythons
  3 endoplasms (D:2)
  5 giant cockroaches
  16 goblins
  15 hobgoblins
  5 jackals
  6 quokkas
  3 bats
  23 kobolds
  6 rats
234 creatures vanquished.

Vanquished Creatures (collateral kills)
  A goblin (D:4)
1 creature vanquished.

Vanquished Creatures (others)
  An orc wizard (D:8)
1 creature vanquished.

Grand Total: 236 creatures vanquished

Notes
Turn   | Place    | Note
-------+----------+-------------------------------------------
     0 | D:1      | lonewolfV2 the Demonspawn Fighter began the quest for the
                  | Orb.
     0 | D:1      | Reached XP level 1. HP: 18/18 MP: 1/1
   334 | D:1      | Reached skill level 1 in Dodging
   334 | D:1      | Gained mutation: You may rarely emit foul miasma when
                  | damaged in melee. [demonic ancestry]
   334 | D:1      | Reached XP level 2. HP: 24/24 MP: 2/2
   812 | D:2      | Reached skill level 2 in Dodging
   812 | D:2      | Gained mutation: You are partially covered in yellow
                  | scales. (AC +2) [demonic ancestry]
   812 | D:2      | Reached XP level 3. HP: 16/29 MP: 3/3
  1098 | D:2      | Noticed Robin
  1125 | D:2      | Killed Robin
  1126 | D:2      | Gained mutation: You sometimes emit foul miasma when
                  | damaged in melee. [demonic ancestry]
  1126 | D:2      | Reached XP level 4. HP: 18/35 MP: 4/4
  2301 | D:3      | Noticed Natasha
  2307 | D:3      | Killed Natasha
  2308 | D:3      | Reached skill level 3 in Dodging
  2308 | D:3      | Gained mutation: You have sharp fingernails. [demonic
                  | ancestry]
  2308 | D:3      | Reached XP level 5. HP: 34/41 MP: 5/5
  2338 | D:3      | Found a large runed translucent door.
  2338 | D:3      | Found a large runed translucent door.
  2468 | D:3      | Identified the +4 hand axe "Teuheamm" {elec, rF++}
  2602 | D:3      | Noticed Natasha
  2608 | D:3      | Killed Natasha
  2725 | D:3      | Noticed Natasha
  2741 | D:3      | Killed Natasha
  2963 | D:3      | Found a shimmering blue altar of Sif Muna.
  2974 | D:3      | Found a sparkling altar of Nemelex Xobeh.
  3173 | D:4      | Found Ziphuffo's Magic Scroll Boutique.
  3189 | D:4      | Gained mutation: A meltable shield of frost defends you.
                  | (SH +4) [demonic ancestry]
  3189 | D:4      | Reached XP level 6. HP: 47/47 MP: 6/6
  3281 | D:4      | Noticed Edmund
  3290 | D:4      | Killed Edmund
  3291 | D:4      | Reached skill level 4 in Dodging
  3342 | D:4      | Noticed Eustachio
  3368 | D:4      | Killed Eustachio
  3369 | D:4      | Reached XP level 7. HP: 30/52 MP: 7/7
  3687 | D:4      | Reached skill level 5 in Dodging
  3799 | D:4      | Found the +7 Throatcutter {drain, coup de grace}
  3986 | D:4      | Noticed Grinder
  3987 | D:4      | Paralysed by Grinder for 4 turns
  4012 | D:4      | Killed Grinder
  4059 | D:4      | Identified the +0 robe of the New World {Fly rF+++ rC+
                  | Str-2}
  4137 | D:4      | Noticed Blork the orc
  4146 | D:4      | Killed Blork the orc
  4147 | D:4      | Reached skill level 5 in Armour
  4147 | D:4      | Reached skill level 5 in Shields
  4147 | D:4      | Gained mutation: A meltable icy envelope protects you from
                  | harm. (AC +4) [demonic ancestry]
  4147 | D:4      | Reached XP level 8. HP: 58/58 MP: 8/8
  4339 | D:5      | Entered Level 5 of the Dungeon
  4415 | D:5      | Reached skill level 6 in Dodging
  4543 | D:5      | Found Ruhuyjan's Assorted Antiques.
  4611 | D:5      | Bought a kite shield for 126 gold pieces
  4626 | D:5      | Bought a square malachite amulet for 140 gold pieces
  4647 | D:5      | Found a shimmering altar of Xom.
  4955 | D:5      | Reached skill level 7 in Dodging
  5191 | D:6      | Found Wuli's Jewellery Shop.
  5306 | D:6      | Gained mutation: You are mostly covered in yellow scales.
                  | (AC +3) [demonic ancestry]
  5306 | D:6      | Reached XP level 9. HP: 63/63 MP: 9/9
  5518 | D:6      | Found an opulent altar of Gozag.
  5736 | D:6      | Found a staircase to the Ecumenical Temple.
  5746 | Temple   | Entered the Ecumenical Temple
  5757 | Temple   | Became a worshipper of Qazlal Stormbringer
  5820 | D:7      | Reached skill level 8 in Dodging
  5876 | D:7      | Reached skill level 1 in Invocations
  6080 | D:7      | Noticed Duvessa
  6080 | D:7      | Noticed Dowan
  6084 | D:7      | Killed Duvessa
  6091 | D:7      | Killed Dowan
  6151 | D:7      | Noticed a troll
  6170 | D:7      | Killed a troll
  6298 | D:7      | Found a flagged portal.
  6552 | D:7      | Reached skill level 5 in Invocations
  6884 | D:8      | Reached * piety under Qazlal
  7057 | D:8      | Found Qom Laytt's Armour Shop.
  7072 | D:8      | Reached XP level 10. HP: 57/68 MP: 12/14
  7125 | D:8      | Reached skill level 9 in Dodging
  7274 | D:8      | Noticed a deep elf pyromancer
  7278 | D:8      | Killed a deep elf pyromancer
  7281 | D:8      | Noticed a boulder beetle
  7305 | D:8      | Killed a boulder beetle
  7317 | D:8      | Noticed a cyclops
  7322 | D:8      | Killed a cyclops
  7371 | D:8      | Noticed a cyclops
  7380 | D:8      | Killed a cyclops
  7813 | D:8      | Gained mutation: Your spells are a little harder to cast,
                  | but a little more powerful. [potion of mutation]
  7814 | D:8      | Lost mutation: Your spells are a little harder to cast, but
                  | a little more powerful. [potion of mutation]
  7814 | D:8      | Gained mutation: You are somewhat resistant to further
                  | mutation. [potion of mutation]
  7815 | D:8      | Lost mutation: You are somewhat resistant to further
                  | mutation. [potion of mutation]
  7815 | D:8      | Gained mutation: Your body sometimes deteriorates upon
                  | taking damage. [potion of mutation]
  7815 | D:8      | Gained mutation: You are weak. (Str -2) [potion of
                  | mutation]
  7938 | D:9      | Mangled by a shadow

Illustrated notes

Levels and vault maps discovered:
D:1:      minmay_arrival_doors, layout_loops_cross, dreamdust_princess_corridor
D:2:      layout_loops_cross, serial_co_window_serial, co_window_corner_a,
          co_window_cross_1, co_window_of_opportunity_a, co_window_corner_a,
          co_window_of_opportunity_a, co_window_corner_a,
          co_window_of_opportunity_a, co_window_corner_b, co_window_broadway_b,
          co_window_corner_b, co_window_corner_cb, co_window_paths_c,
          co_window_paths_d, glass_columns_b, glass_columns_a, glass_columns_c,
          glass_columns_b, glass_columns_a, hangedman_decor_clover_reticule,
          uniq_robin
D:3:      layout_basic, jmf_multi_god_temple2, corexii_hall_statues_u,
          kennysheep_decorative_pillar, chequers_serial_rivers_small_a,
          uniq_natasha
D:4:      corexii_shantytown, layout_loops_ring, minmay_shop_grid_forest,
          minmay_gold_behind_fungi, dilly_guarded_unrand_throatcut, uniq_edmund,
          uniq_eustachio, uniq_blork_the_orc, uniq_grinder
D:5:      layout_basic, xom_confusion_cloud, serial_park_tiny_2,
          nicolae_stop_n_shop_1
D:6:      layout_basic, nicolae_gozag_seed_capital,
          minmay_temple_entry_poolview, serial_shops, nicolae_shop_trees
D:7:      layout_rooms, enter_bailey_2, ebering_dispersal_statue_hall,
          uniq_duvessa
D:8:      layout_gridville, serial_shops, shop, minmay_evil_grid
D:9:      layout_cave_pools, serial_column_ruins, column_ruins_hut,
          column_ruins_columns_corner, column_ruins_open_large,
          column_ruins_grid_1, column_ruins_corridor_straight,
          column_ruins_open_small, minmay_guarded_unrand_finisher
Temple:   nicolae_temple_x_marks_the_god

Skill      XL: |  1  2  3  4  5  6  7  8  9 10 |
---------------+-------------------------------+-----
Dodging        | 1 2 3 4 5 7 8 9 |  9.6
Armour         | 3 4 5 6 7 |  7.4
Shields        | 3 4 5 6 8 |  8.1
Invocations    | 5 7 |  7.4
Fighting       | |  3.0
Axes           | |  1.7

Action                     |  1- 3 |  4- 6 |  7- 9 | 10-12 || total
---------------------------+-------+-------+-------+-------++-------
  Melee: War axe           |    81 |    76 |       |       ||   157
         Hand axe          |       |    66 |    26 |       ||    92
         Long sword        |       |       |   299 |    98 ||   397
    Use: Scroll            |     1 |     7 |    11 |     3 ||    22
         Potion            |       |       |     1 |     7 ||     8
 Armour: Scale mail        |    59 |    85 |    16 |       ||   160
         Plate armour      |       |       |   265 |   141 ||   406
  Dodge: Dodged            |    60 |    76 |   188 |    63 ||   387
         Repelled          |       |       |     2 |       ||     2
  Block: Buckler           |    28 |    46 |    56 |       ||   130
         Kite shield       |       |       |   275 |    74 ||   349
         Tower shield      |       |       |       |    61 ||    61
